AoeStats
← TheRattlesnake

Nomad

507542759Analyzed
3v3 RM · 12d ago on Sep 18, 2026· 40m 40s· 6 players
Game mode
Random Map
Map size
210×210
Population
200
Speed
Normal
Resources
Standard
Victory
Conquest
Starting age
Dark Age
Ending age
Imperial Age
RankedLock teamsTeams togetherTeam positionsShared explorationLock speedFull tech treeHidden civsTurbo modeCheats
Victory
Defeat
🇬🇧 Tupi · United Kingdom
1166
+13
🇬🇷 Poles · Greece
1162
+14
🇬🇷 Ethiopians · Greece
1156
+14
🇫🇷 Malians · France
1144
-15
🇺🇸 Bulgarians · United States
1128
-14
🇫🇷 Goths · France
1060
-12
Baylon
3:34 Loom
14:35 Feudal Age
17:30 Forging
18:27 Bloodlines
27:06 Castle Age
25:53 Double-Bit Axe
26:01 Gold Mining
26:36 Horse Collar
27:49 Scale Barding Armor
27:36 Light Cavalry
28:40 Chain Barding Armor
34:08 Bow Saw
Kaila
14:54 Feudal Age
15:51 Horse Collar
18:57 Castle Age
19:53 Bloodlines
21:13 Loom
34:34 Scale Barding Armor
36:47 Husbandry
El-Ziston
14:12 Loom
15:59 Feudal Age
21:04 Castle Age
18:45 Man-at-Arms
21:43 Forging
21:38 Scale Mail Armor
21:26 Long Swordsman
22:08 Squires
25:16 Double-Bit Axe
26:54 Bow Saw
27:26 Elite Skirmisher
38:45 Wheelbarrow
TheSalamander
5:39 Loom
14:18 Feudal Age
16:38 Double-Bit Axe
21:15 Castle Age
19:23 Horse Collar
19:44 Fishing Lines
21:18 Scale Barding Armor
21:24 Forging
22:12 Bloodlines
22:30 Horse Collar
23:09 Gillnets
25:15 Iron Casting
25:02 Bow Saw
26:34 Wheelbarrow
27:11 Town Watch
29:39 Town Watch
29:54 Stone Mining
29:54 Gold Mining
30:22 Heavy Plow
31:28 Stone Shaft Mining
32:25 Szlachta Privileges
35:29 Imperial Age
34:11 Husbandry
35:04 Chain Barding Armor
35:49 Cavalier
38:48 Blast Furnace
40:04 Scale Mail Armor
TheMamba
6:00 Loom
12:53 Feudal Age
13:41 Town Watch
17:24 Castle Age
15:57 Horse Collar
16:14 Double-Bit Axe
16:52 Stone Mining
19:49 Fletching
21:31 Bodkin Arrow
25:18 Padded Archer Armor
26:21 Ballistics
27:04 Gold Mining
30:27 Heavy Plow
30:37 Bow Saw
31:39 Leather Archer Armor
37:31 Imperial Age
38:23 Wheelbarrow
38:11 Bracer
39:17 Chemistry
40:39 Curare
40:54 Conscription
TheRattlesnake
5:00 Loom
13:12 Feudal Age
14:39 Fletching
17:37 Town Watch
21:00 Castle Age
23:02 Medium Warships
22:53 Bodkin Arrow
23:33 Padded Archer Armor
25:52 Crossbowman
27:17 Horse Collar
30:12 Double-Bit Axe
42:59 Imperial Age
41:30 Wheelbarrow
Connection lost

Rejoining the realm…

Still unreachable

The connection could not be restored.

Session expired

The server has moved on; the page needs a fresh start.